 Dungeon Crawl Stone Soup version 0.29.0-4-gdea44cf6ec (webtiles) character file.

Game seed: 10209087506535855314

25645 qw the Warrior (level 12, -6/119 HPs)
             Began as a Minotaur Berserker on Sept 6, 2022.
             Was an Elder of Trog.
             Killed from afar by an oklob plant (25 damage)
             ... with a splash of acid
             ... on level 3 of the Lair of Beasts.
             The game lasted 00:05:21 (16366 turns).

qw the Warrior (Minotaur Berserker)                Turns: 16366, Time: 00:05:21

Health: -6/119     AC: 11    Str: 26    XL:     12   Next: 91%
Magic:  11/11      EV: 12    Int:  4    God:    Trog [****..]
Gold:   1661       SH:  0    Dex: 17    Spells: 11/11 levels left

rFire   . . .      SeeInvis .   Y - +3 hand axe (elec)
rCold   . . .      Faith    .   (no shield)
rNeg    . . .      Spirit   .   q - +9 plate armour {ponderous}
rPois   +          Reflect  .   (helmet restricted)
rElec   .          Harm     .   k - +0 cloak
rCorr   .          Rampage  .   g - +1 pair of gloves
Will    .....                   e - +0 pair of boots
Stlth   ..........              (no amulet)
HPRegen 0.29/turn               p - +6 ring of dexterity
MPRegen 0.12/turn               o - ring of poison resistance

@: corroded, on berserk cooldown, slowed, very slow
A: horns 2, retaliatory headbutt
a: Renounce Religion, Berserk, Trog's Hand, Brothers in Arms


You were on level 3 of the Lair of Beasts.
You worshipped Trog.
Trog was greatly pleased with you.
You visited 2 branches of the dungeon, and saw 12 of its levels.

You collected 1661 gold pieces.


Innate Abilities, Weirdness & Mutations

You have a pair of horns on your head.
You reflexively headbutt those who attack you in melee.


   Skills:
 - Level 15.0 Fighting
 - Level 14.0 Axes
 - Level 3.0 Throwing
 - Level 14.1 Armour
 + Level 8.6 Dodging


You had 11 spell levels left.
You didn't know any spells.
Your spell library was empty.

Inventory:

Hand Weapons
 d - a +0 morningstar
 Y - a +3 hand axe of electrocution (weapon)
Missiles
 l - 3 boomerangs (quivered)
Armour
 e - a +0 pair of boots (worn)
 g - a +1 pair of gloves (worn)
 k - a +0 cloak (worn)
 q - a +9 plate armour of ponderousness (worn)
Jewellery
 m - a ring of ice
 o - a ring of poison resistance (right hand)
 p - a +6 ring of dexterity (left hand)
Scrolls
 a - a scroll of identify
Potions
 c - a potion of ambrosia {unknown}
 f - a potion of haste
 i - a potion of might
 j - 6 potions of curing
 n - a potion of magic {unknown}
 r - 2 potions of resistance

Dungeon Overview and Level Annotations

Branches:
Dungeon (9/15)             Temple (0/1) D:6            Lair (3/5) D:9
  Swamp: Lair:2-3    Shoals: Lair:2-3     Snake: Lair:2-3    Spider: Lair:2-3
    Orc: D:9-12

Altars:
Dithmenos
Kikubaaqudgha
Nemelex Xobeh
Okawaru
Qazlal

Shops:
D:7 [   D:8 :

Annotations:
D:2 1 runed translucent door, Crazy Yiuf
D:9 4 runed translucent doors


Message History

A centaur comes into view. It is wielding a +0 rapier.
The centaur shouts!
The oklob plant spits acid at you. The splash of acid hits you!
The acid corrodes you! The oklob plant spits acid at you.
The splash of acid hits you!
16347 ||| READING scroll of teleportation.
As you read the scroll of teleportation, it crumbles to dust.
You feel strangely unstable.
The centaur unwields a +0 rapier.
The centaur wields a +0 shortbow.
The centaur shoots an arrow.
The arrow hits you.
Your surroundings seem slightly different.
The centaur shoots an arrow.
The arrow barely misses you. The oklob plant spits acid at you.
The splash of acid hits you. The acid corrodes you!
The centaur shoots an arrow.
The arrow hits you but does no damage.
The centaur shoots an arrow.
The arrow barely misses you.
16351 ||| INVOKING Berserk.
A red film seems to cover your vision as you go berserk!
You feel yourself moving faster!
You feel mighty!
The centaur shoots an arrow.
The arrow hits you.
You feel a strong urge to attack something.
The centaur unwields a +0 shortbow.
The centaur wields a +0 rapier.
The centaur barely misses you. The centaur completely misses you.
You slash the centaur! Lightning courses through the centaur!
You headbutt the centaur.
You kill the centaur!
Trog accepts your kill.
You start resting.
You feel a strong urge to attack something.
You are no longer berserk.
You are exhausted.
You feel yourself slow down. The oklob plant spits acid at you.
The splash of acid hits you! The acid corrodes you!
The oklob plant spits acid at you. The splash of acid misses you.
The oklob plant spits acid at you. The splash of acid hits you!!
You die...

...##.....#.................
.......##.#.................
.^^....#...............#..#.
........>.............####..
^.^^^................## ##..
^...^.#........#.....# ##...
^^....###....##.....## #....
Y.^.. #.#..)#.....##. 7....
.^^^. #..@..$...###.#7....
...^..###........###.#......
.^^..............## #...)..~
.^........(.......###.....P.
...P#....PPP.......#.).)....
..# ##...PPP?..P.......7....
. #....PPP...#..)......7..
##......................
..........##....##..#.##


You could see an oklob plant.

Vanquished Creatures
  Gastronok (Lair:1)
  Fannar (Lair:1)
  A boulder beetle (Lair:3)
  2 two-headed ogres
  A cyclops (D:8)
  11 elephants
  A black mamba (Lair:2)
  2 cane toads
  Joseph (D:8)
  2 rime drakes
  3 komodo dragons
  2 kobold demonologists (D:9)
  2 polar bears
  Prince Ribbit (D:8)
  13 blink frogs
  A wraith (D:9)
  A wyvern (D:8)
  28 yaks
  Grum (D:8)
  A steam dragon (D:9)
  A basilisk (Lair:2)
  Menkaure (D:5)
  A warg (D:8)
  An acid dragon (D:8)
  5 water moccasins
  2 sky beasts
  6 orc warriors
  2 ice beasts
  6 wolves
  7 ogres
  9 centaurs
  2 phantoms
  2 kobold brigands
  12 bullfrogs
  2 gnoll sergeants (D:8)
  A necrophage (D:4)
  4 wights
  A killer bee (D:9)
  A water moccasin skeleton (D:6)
  10 howler monkeys
  A bullfrog zombie (D:6)
  8 hounds
  2 jellies (D:6)
  2 gnoll boudas
  7 orc priests
  Jessica (D:2)
  6 orc wizards
  3 iguanas
  A centaur simulacrum (D:9)
  15 gnolls
  3 adders
  2 white imps
  2 ufetubi
  2 worms (D:3)
  2 dart slugs
  37 orcs
  2 ball pythons
  2 bats (D:2)
  17 endoplasms
  4 giant cockroaches
  7 goblins
  A hobgoblin (D:4)
  4 quokkas
  5 frilled lizards (D:1)
  10 kobolds
  2 rats
300 creatures vanquished.

Vanquished Creatures (collateral kills)
  A hydra (Lair:1)
1 creature vanquished.

Vanquished Creatures (others)
  21 fungi
  34 plants
  6 withered plants (D:6)
61 creatures vanquished.

Grand Total: 362 creatures vanquished

Notes
Turn   | Place    | Note
-------+----------+-------------------------------------------
     0 | D:1      | qw the Minotaur Berserker began the quest for the Orb.
     0 | D:1      | Reached XP level 1. HP: 19/19 MP: 0/0
     0 | D:1      | 0 ||| qw: Version: 0.1-a-108-g9e35731
     0 | D:1      | 0 ||| qw: Game counter: 6297
     0 | D:1      | 0 ||| qw: Always use a shield: true
     0 | D:1      | 0 ||| qw: Do Orc after D:15 true
     0 | D:1      | 0 ||| qw: Do second Lair branch before Depths: true
     0 | D:1      | 0 ||| qw: Lair rune preference: random
     0 | D:1      | 0 ||| qw: Plans: Normal
     0 | D:1      | 0 ||| PLANNING D:1-11
   352 | D:1      | Found a faded altar of an unknown god.
   365 | D:1      | Reached XP level 2. HP: 26/26 MP: 1/1
   366 | D:1      | 366 ||| Stepping ~*~*~tactically~*~*~ (hiding).
   468 | D:1      | 468 ||| Stepping ~*~*~tactically~*~*~ (hiding).
   783 | D:1      | 783 ||| DROPPING +0 club.
   984 | D:1      | 984 ||| UPGRADING to +0 scale mail.
   994 | D:1      | 994 ||| DROPPING +0 animal skin.
   995 | D:1      | 995 ||| READING scroll labelled IMUAVEOSEJ.
  1070 | D:2      | Reached XP level 3. HP: 26/31 MP: 2/2
  1165 | D:2      | Found a runed translucent door.
  1166 | D:2      | Noticed Crazy Yiuf
  1231 | D:2      | 1231 ||| Stepping ~*~*~tactically~*~*~ (stealth).
  1665 | D:2      | Noticed Jessica
  1666 | D:2      | 1666 ||| FLEEEEING.
  1667 | D:2      | 1667 ||| FLEEEEING.
  1668 | D:2      | 1668 ||| FLEEEEING.
  1669 | D:2      | 1669 ||| FLEEEEING.
  1670 | D:2      | 1670 ||| FLEEEEING.
  1671 | D:2      | 1671 ||| FLEEEEING.
  1677 | D:2      | 1677 ||| FLEEEEING.
  1679 | D:2      | 1679 ||| STAIRDANCE
  1808 | D:1      | 1808 ||| UPGRADING to +0 pair of gloves.
  1813 | D:1      | 1813 ||| READING scroll labelled CAOKHL XUTO.
  1816 | D:2      | 1816 ||| Stepping ~*~*~tactically~*~*~ (hiding).
  1819 | D:2      | Killed Jessica
  2121 | D:2      | Reached XP level 4. HP: 38/39 MP: 3/3
  2218 | D:2      | Reached skill level 6 in Axes
  2299 | D:2      | 2299 ||| DRINKING 2 golden potions.
  2300 | D:2      | 2300 ||| DRINKING 2 clear potions.
  2301 | D:2      | 2301 ||| DROPPING potion of attraction.
  2302 | D:2      | 2302 ||| DROPPING potion of invisibility.
  2317 | D:3      | 2317 ||| STAIRDANCE
  2352 | D:2      | 2352 ||| UPGRADING to +0 chain mail.
  2362 | D:2      | 2362 ||| DROPPING +0 scale mail.
  2374 | D:3      | Identified the +0 robe of Unambiguity {Str+3}
  2397 | D:3      | Reached ** piety under Trog
  2435 | D:3      | Found a stormy altar of Qazlal.
  2443 | D:3      | 2443 ||| Stepping ~*~*~tactically~*~*~ (stealth).
  2454 | D:3      | 2454 ||| Stepping ~*~*~tactically~*~*~ (stealth).
  2456 | D:3      | 2456 ||| Stepping ~*~*~tactically~*~*~ (stealth).
  2466 | D:3      | 2466 ||| Stepping ~*~*~tactically~*~*~ (stealth).
  2471 | D:3      | 2471 ||| Stepping ~*~*~tactically~*~*~ (stealth).
  2479 | D:3      | 2479 ||| INVOKING Berserk.
  2597 | D:3      | 2597 ||| DROPPING +0 whip.
  2717 | D:3      | 2717 ||| Stepping ~*~*~tactically~*~*~ (water).
  2936 | D:3      | Found a sparkling altar of Nemelex Xobeh.
  3066 | D:3      | Reached XP level 5. HP: 42/45 MP: 4/4
  3149 | D:3      | 3149 ||| Stepping ~*~*~tactically~*~*~ (stealth).
  3152 | D:3      | 3152 ||| Stepping ~*~*~tactically~*~*~ (stealth).
  3153 | D:3      | 3153 ||| Stepping ~*~*~tactically~*~*~ (stealth).
  3398 | D:3      | 3398 ||| UPGRADING to +0 plate armour.
  3408 | D:3      | 3408 ||| DROPPING +0 chain mail.
  3409 | D:3      | 3409 ||| DRINKING 2 inky potions.
  3422 | D:4      | 3422 ||| STAIRDANCE
  3607 | D:4      | Reached skill level 3 in Armour
  3667 | D:4      | Noticed a phantom
  3668 | D:4      | 3668 ||| Stepping ~*~*~tactically~*~*~ (stealth).
  3676 | D:4      | Reached skill level 4 in Fighting
  3692 | D:4      | Killed a phantom
  3693 | D:4      | Reached XP level 6. HP: 50/53 MP: 5/5
  3693 | D:4      | 3693 ||| Stepping ~*~*~tactically~*~*~ (stealth).
  3694 | D:4      | 3694 ||| Stepping ~*~*~tactically~*~*~ (stealth).
  3695 | D:4      | 3695 ||| Stepping ~*~*~tactically~*~*~ (stealth).
  3696 | D:4      | 3696 ||| Stepping ~*~*~tactically~*~*~ (stealth).
  3706 | D:4      | 3706 ||| Stepping ~*~*~tactically~*~*~ (stealth).
  3709 | D:4      | 3709 ||| Stepping ~*~*~tactically~*~*~ (stealth).
  3731 | D:4      | 3731 ||| Stepping ~*~*~tactically~*~*~ (stealth).
  3740 | D:4      | 3740 ||| Stepping ~*~*~tactically~*~*~ (hiding).
  3741 | D:4      | 3741 ||| Stepping ~*~*~tactically~*~*~ (hiding).
  3745 | D:4      | 3745 ||| INVOKING Berserk.
  3864 | D:4      | 3864 ||| Stepping ~*~*~tactically~*~*~ (stealth).
  3865 | D:4      | 3865 ||| Stepping ~*~*~tactically~*~*~ (stealth).
  3868 | D:4      | 3868 ||| Stepping ~*~*~tactically~*~*~ (stealth).
  3939 | D:4      | Found an ancient bone altar of Kikubaaqudgha.
  3941 | D:4      | Found a shadowy altar of Dithmenos.
  3942 | D:4      | Found an iron altar of Okawaru.
  4174 | D:4      | 4174 ||| READING scroll labelled JAUCYTRECS.
  4175 | D:4      | 4175 ||| DRINKING 2 bubbling red potions.
  4176 | D:4      | 4176 ||| DRINKING 2 cyan potions.
  4177 | D:4      | 4177 ||| DROPPING potion of brilliance.
  4215 | D:5      | Entered Level 5 of the Dungeon
  4444 | D:5      | Noticed an ice beast
  4448 | D:5      | 4448 ||| INVOKING Berserk.
  4453 | D:5      | Killed an ice beast
  4454 | D:5      | Reached skill level 9 in Axes
  4454 | D:5      | Reached XP level 7. HP: 60/60 MP: 6/6
  4642 | D:5      | Noticed Menkaure
  4643 | D:5      | 4643 ||| Stepping ~*~*~tactically~*~*~ (stealth).
  4658 | D:5      | 4658 ||| FLEEEEING.
  4661 | D:5      | 4661 ||| Stepping ~*~*~tactically~*~*~ (stealth).
  4673 | D:5      | 4673 ||| INVOKING Berserk.
  4675 | D:5      | Reached skill level 5 in Fighting
  4845 | D:5      | 4845 ||| INVOKING Berserk.
  5055 | D:5      | 5055 ||| Stepping ~*~*~tactically~*~*~ (stealth).
  5057 | D:5      | 5057 ||| Stepping ~*~*~tactically~*~*~ (hiding).
  5059 | D:5      | 5059 ||| Stepping ~*~*~tactically~*~*~ (hiding).
  5061 | D:5      | 5061 ||| INVOKING Berserk.
  5066 | D:5      | Killed Menkaure
  5312 | D:5      | 5312 ||| UPGRADING to +6 ring of dexterity.
  5313 | D:5      | 5313 ||| READING 2 scrolls labelled KUMNUAGGIU.
  5314 | D:5      | 5314 ||| READING 2 scrolls labelled KAECRU QEFFIUR.
  5315 | D:5      | 5315 ||| READING scroll labelled XUUDERGHYX.
  5316 | D:5      | 5316 ||| READING scroll labelled XAES NEFEB.
  5316 | D:5      | Identified a scroll of acquirement
  5316 | D:5      | 5316 ||| ACQUIRING 947 gold pieces
  5316 | D:5      | Acquired 947 gold pieces
  5318 | D:5      | 5318 ||| READING scroll labelled IZOCEXZEKINT.
  5319 | D:5      | 5319 ||| DRINKING 2 grey potions.
  5320 | D:5      | 5320 ||| DROPPING scroll of fear.
  5381 | D:6      | Reached XP level 8. HP: 64/69 MP: 7/7
  5410 | D:6      | Found a staircase to the Ecumenical Temple.
  5417 | D:6      | 5417 ||| INVOKING Berserk.
  5424 | D:6      | Reached skill level 6 in Fighting
  5890 | D:6      | 5890 ||| Stepping ~*~*~tactically~*~*~ (stealth).
  6010 | D:6      | Reached *** piety under Trog
  6099 | D:6      | 6099 ||| Stepping ~*~*~tactically~*~*~ (hiding).
  6112 | D:6      | 6112 ||| INVOKING Berserk.
  6113 | D:6      | HP: 25/105 [gnoll/+0 spear (7)]
  6599 | D:6      | 6599 ||| UPGRADING to +0 pair of boots.
  6604 | D:6      | 6604 ||| UPGRADING to ring of poison resistance.
  6605 | D:6      | 6605 ||| READING scroll labelled OTOEWK DUAM.
  6706 | D:6      | 6706 ||| DRINKING 2 brown potions.
  6769 | D:7      | 6769 ||| Stepping ~*~*~tactically~*~*~ (hiding).
  6770 | D:7      | 6770 ||| Stepping ~*~*~tactically~*~*~ (hiding).
  6772 | D:7      | 6772 ||| INVOKING Berserk.
  6919 | D:7      | Found Poaptock's Antique Armour Shoppe.
  6937 | D:7      | Reached skill level 12 in Axes
  7035 | D:7      | 7035 ||| INVOKING Berserk.
  7040 | D:7      | Reached skill level 3 in Dodging
  7044 | D:7      | 7044 ||| FLEEEEING.
  7405 | D:7      | 7405 ||| Stepping ~*~*~tactically~*~*~ (stealth).
  7407 | D:7      | 7407 ||| Stepping ~*~*~tactically~*~*~ (hiding).
  7418 | D:7      | Reached XP level 9. HP: 75/75 MP: 8/8
  7910 | D:7      | 7910 ||| READING scroll labelled XYIDAERERPH.
  7911 | D:7      | 7911 ||| READING scroll labelled WYCUIW YTECUF.
  7912 | D:7      | 7912 ||| READING 2 scrolls of identify.
  7912 | D:7      | 7912 ||| IDENTIFYING murky clear potion
  7988 | D:8      | 7988 ||| Stepping ~*~*~tactically~*~*~ (stealth).
  7999 | D:8      | Reached skill level 6 in Armour
  8029 | D:8      | 8029 ||| Stepping ~*~*~tactically~*~*~ (stealth).
  8068 | D:8      | 8068 ||| Stepping ~*~*~tactically~*~*~ (stealth).
  8074 | D:8      | 8074 ||| Stepping ~*~*~tactically~*~*~ (stealth).
  8076 | D:8      | 8076 ||| Stepping ~*~*~tactically~*~*~ (stealth).
  8082 | D:8      | Reached skill level 7 in Fighting
  8085 | D:8      | 8085 ||| Stepping ~*~*~tactically~*~*~ (stealth).
  8088 | D:8      | 8088 ||| Stepping ~*~*~tactically~*~*~ (stealth).
  8091 | D:8      | 8091 ||| INVOKING Berserk.
  8215 | D:8      | 8215 ||| DROPPING +0 flail.
  8228 | D:8      | 8228 ||| INVOKING Berserk.
  8368 | D:8      | 8368 ||| Stepping ~*~*~tactically~*~*~ (stealth).
  8369 | D:8      | Noticed Grum
  8370 | D:8      | 8370 ||| INVOKING Berserk.
  8402 | D:8      | 8402 ||| Stepping ~*~*~tactically~*~*~ (stealth).
  8443 | D:8      | Noticed a cyclops
  8444 | D:8      | 8444 ||| Stepping ~*~*~tactically~*~*~ (hiding).
  8450 | D:8      | 8450 ||| INVOKING Berserk.
  8464 | D:8      | Killed a cyclops
  8470 | D:8      | HP: 19/79 [gnoll sergeant/+0 spear (3)]
  8471 | D:8      | 8471 ||| READING 4 scrolls of teleportation.
  8472 | D:8      | 8472 ||| DRINKING potion of heal wounds.
  8593 | D:8      | Reached skill level 8 in Fighting
  8646 | D:8      | Noticed a two-headed ogre
  8647 | D:8      | 8647 ||| Stepping ~*~*~tactically~*~*~ (stealth).
  8650 | D:8      | 8650 ||| INVOKING Berserk.
  8654 | D:8      | Killed a two-headed ogre
  8655 | D:8      | Reached XP level 10. HP: 88/88 MP: 9/9
  8873 | D:8      | Noticed Prince Ribbit
  9294 | D:8      | Found Qymugud's Book Shop.
  9298 | D:8      | 9298 ||| Stepping ~*~*~tactically~*~*~ (hiding).
  9396 | D:8      | Noticed Joseph
  9399 | D:8      | 9399 ||| FLEEEEING.
  9400 | D:8      | 9400 ||| FLEEEEING.
  9401 | D:8      | 9401 ||| FLEEEEING.
  9402 | D:8      | 9402 ||| FLEEEEING.
  9403 | D:8      | 9403 ||| FLEEEEING.
  9404 | D:8      | 9404 ||| FLEEEEING.
  9416 | D:8      | 9416 ||| FLEEEEING.
  9417 | D:8      | 9417 ||| FLEEEEING.
  9418 | D:8      | 9418 ||| FLEEEEING.
  9419 | D:8      | 9419 ||| FLEEEEING.
  9420 | D:8      | 9420 ||| FLEEEEING.
  9421 | D:8      | 9421 ||| FLEEEEING.
  9422 | D:8      | 9422 ||| FLEEEEING.
  9434 | D:8      | 9434 ||| FLEEEEING.
  9448 | D:8      | 9448 ||| INVOKING Berserk.
  9449 | D:8      | HP: 30/135 [Joseph/+0 quarterstaff (11)]
  9454 | D:8      | HP: 29/135 [Joseph/+0 quarterstaff (1)]
  9457 | D:8      | Killed Joseph
  9458 | D:8      | Reached skill level 9 in Fighting
  9883 | D:8      | Killed Prince Ribbit
  9935 | D:8      | 9935 ||| INVOKING Berserk.
  9938 | D:8      | Killed Grum
 10022 | D:8      | 10022 ||| INVOKING Berserk.
 10030 | D:8      | Reached skill level 10 in Fighting
 10048 | D:8      | 10048 ||| Stepping ~*~*~tactically~*~*~ (stealth).
 10049 | D:8      | 10049 ||| Stepping ~*~*~tactically~*~*~ (stealth).
 10082 | D:8      | 10082 ||| FLEEEEING.
 10083 | D:8      | 10083 ||| FLEEEEING.
 10084 | D:8      | 10084 ||| FLEEEEING.
 10085 | D:8      | 10085 ||| FLEEEEING.
 10086 | D:8      | 10086 ||| FLEEEEING.
 10089 | D:8      | 10089 ||| FLEEEEING.
 10090 | D:8      | 10090 ||| FLEEEEING.
 10091 | D:8      | 10091 ||| FLEEEEING.
 10094 | D:8      | 10094 ||| FLEEEEING.
 10095 | D:8      | 10095 ||| FLEEEEING.
 10096 | D:8      | 10096 ||| FLEEEEING.
 10097 | D:8      | 10097 ||| FLEEEEING.
 10099 | D:8      | 10099 ||| FLEEEEING.
 10100 | D:8      | 10100 ||| STAIRDANCE
 10161 | D:7      | 10161 ||| UPGRADING to +0 cloak.
 10166 | D:7      | 10166 ||| UPGRADING to +9 plate armour of ponderousness.
 10176 | D:7      | 10176 ||| DROPPING +0 plate armour.
 10177 | D:7      | 10177 ||| DRINKING 2 purple potions.
 10178 | D:7      | 10178 ||| DROPPING potion of flight.
 10183 | D:8      | 10183 ||| STAIRDANCE
 10226 | D:8      | 10226 ||| INVOKING Berserk.
 10241 | D:8      | Reached skill level 9 in Armour
 10315 | D:8      | 10315 ||| SWAPPING to +1 hand axe of electrocution.
 10316 | D:8      | 10316 ||| DROPPING +1 hand axe.
 10387 | D:8      | 10387 ||| Stepping ~*~*~tactically~*~*~ (hiding).
 10388 | D:8      | 10388 ||| Stepping ~*~*~tactically~*~*~ (hiding).
 10582 | D:9      | Found a staircase to the Lair.
 10614 | D:9      | 10614 ||| INVOKING Berserk.
 10814 | D:9      | 10814 ||| Stepping ~*~*~tactically~*~*~ (stealth).
 10819 | D:9      | 10819 ||| Stepping ~*~*~tactically~*~*~ (stealth).
 10820 | D:9      | 10820 ||| Stepping ~*~*~tactically~*~*~ (stealth).
 10827 | D:9      | 10827 ||| Stepping ~*~*~tactically~*~*~ (stealth).
 10838 | D:9      | 10838 ||| Stepping ~*~*~tactically~*~*~ (stealth).
 10991 | D:9      | Noticed a two-headed ogre
 10999 | D:9      | 10999 ||| INVOKING Berserk.
 11002 | D:9      | Killed a two-headed ogre
 11003 | D:9      | Reached XP level 11. HP: 99/99 MP: 10/10
 11227 | D:9      | Found a large runed translucent door.
 11227 | D:9      | Found a large runed translucent door.
 11232 | D:9      | Found the +11 plutonium sword {Contam Stlth-}
 11236 | D:9      | 11236 ||| Stepping ~*~*~tactically~*~*~ (hiding).
 11237 | D:9      | 11237 ||| Stepping ~*~*~tactically~*~*~ (hiding).
 11245 | D:9      | 11245 ||| DRINKING potion of curing.
 11245 | D:9      | 11245 ||| (to cure confusion)
 11247 | D:9      | Reached **** piety under Trog
 11259 | D:9      | 11259 ||| READING scroll of enchant weapon.
 11259 | D:9      | 11259 ||| ENCHANTING +1 hand axe of electrocution.
 11261 | D:9      | Found a large runed translucent door.
 11261 | D:9      | Found a large runed translucent door.
 11353 | D:9      | 11353 ||| DROPPING +2 vorpal hand axe.
 11526 | D:9      | 11526 ||| INVOKING Berserk.
 11650 | D:9      | 11650 ||| Stepping ~*~*~tactically~*~*~ (stealth).
 11651 | D:9      | 11651 ||| Stepping ~*~*~tactically~*~*~ (stealth).
 11691 | D:9      | 11691 ||| PLANNING LAIR
 11691 | D:9      | 11691 ||| DROPPING +2 chain mail of willpower.
 11692 | D:9      | 11692 ||| READING scroll labelled SYZOWN DIDEI.
 11693 | D:9      | 11693 ||| READING 2 scrolls of identify.
 11693 | D:9      | 11693 ||| IDENTIFYING metallic ruby potion
 11694 | D:9      | 11694 ||| DROPPING potion of lignification.
 11760 | Lair:1   | Entered Level 1 of the Lair of Beasts
 11762 | Lair:1   | 11762 ||| Stepping ~*~*~tactically~*~*~ (stealth).
 11764 | Lair:1   | 11764 ||| INVOKING Berserk.
 11769 | Lair:1   | Reached skill level 11 in Fighting
 11800 | Lair:1   | Reached skill level 6 in Dodging
 11842 | Lair:1   | 11842 ||| Stepping ~*~*~tactically~*~*~ (stealth).
 11870 | Lair:1   | 11870 ||| INVOKING Berserk.
 11997 | Lair:1   | Noticed Gastronok
 12002 | Lair:1   | 12002 ||| INVOKING Berserk.
 12009 | Lair:1   | Killed Gastronok
 12117 | Lair:1   | 12117 ||| READING scroll of acquirement.
 12117 | Lair:1   | 12117 ||| ACQUIRING +7 flail of protection
 12117 | Lair:1   | Acquired a +7 flail of protection
 12119 | Lair:1   | 12119 ||| DROPPING +2 flail of draining.
 12178 | Lair:1   | 12178 ||| DROPPING +7 flail of protection.
 12195 | Lair:1   | 12195 ||| Stepping ~*~*~tactically~*~*~ (stealth).
 12196 | Lair:1   | 12196 ||| Stepping ~*~*~tactically~*~*~ (stealth).
 12197 | Lair:1   | 12197 ||| Stepping ~*~*~tactically~*~*~ (stealth).
 12389 | Lair:1   | 12389 ||| INVOKING Berserk.
 12392 | Lair:1   | Reached skill level 12 in Fighting
 12530 | Lair:1   | 12530 ||| Stepping ~*~*~tactically~*~*~ (hiding).
 12531 | Lair:1   | 12531 ||| Stepping ~*~*~tactically~*~*~ (hiding).
 12537 | Lair:1   | Reached skill level 12 in Armour
 12569 | Lair:1   | Noticed a four-headed hydra
 12570 | Lair:1   | 12570 ||| INVOKING Brothers in Arms.
 12572 | Lair:1   | 12572 ||| SWAPPING to +0 morningstar.
 12573 | Lair:1   | 12573 ||| INVOKING Berserk.
 12575 | Lair:1   | Killed a four-headed hydra
 12599 | Lair:1   | 12599 ||| SWAPPING to +2 hand axe of electrocution.
 12747 | Lair:1   | Noticed Fannar
 12748 | Lair:1   | 12748 ||| Stepping ~*~*~tactically~*~*~ (hiding).
 12766 | Lair:1   | Killed Fannar
 13009 | Lair:1   | 13009 ||| Stepping ~*~*~tactically~*~*~ (stealth).
 13017 | Lair:1   | Reached skill level 13 in Fighting
 13368 | Lair:1   | 13368 ||| READING scroll labelled SENTOL DISMEMU.
 13413 | Lair:2   | 13413 ||| INVOKING Berserk.
 13532 | Lair:2   | 13532 ||| INVOKING Berserk.
 13534 | Lair:2   | Reached skill level 3 in Throwing
 13534 | Lair:2   | Reached XP level 12. HP: 115/115 MP: 11/11
 13540 | Lair:2   | 13540 ||| Stepping ~*~*~tactically~*~*~ (stealth).
 13541 | Lair:2   | 13541 ||| Stepping ~*~*~tactically~*~*~ (stealth).
 13923 | Lair:2   | 13923 ||| Stepping ~*~*~tactically~*~*~ (stealth).
 13924 | Lair:2   | 13924 ||| INVOKING Berserk.
 14157 | Lair:2   | 14157 ||| READING scroll of enchant armour.
 14157 | Lair:2   | 14157 ||| ENCHANTING +0 pair of gloves.
 14175 | Lair:2   | Reached skill level 14 in Fighting
 14191 | Lair:2   | 14191 ||| Stepping ~*~*~tactically~*~*~ (stealth).
 14245 | Lair:2   | 14245 ||| Stepping ~*~*~tactically~*~*~ (stealth).
 14266 | Lair:2   | 14266 ||| READING scroll of enchant weapon.
 14266 | Lair:2   | 14266 ||| ENCHANTING +2 hand axe of electrocution.
 14351 | Lair:2   | 14351 ||| INVOKING Berserk.
 14654 | Lair:2   | 14654 ||| READING scroll labelled YTITZUENGO.
 14666 | Lair:3   | 14666 ||| INVOKING Berserk.
 14676 | Lair:3   | 14676 ||| STAIRDANCE
 14836 | Lair:3   | 14836 ||| INVOKING Berserk.
 15007 | Lair:3   | 15007 ||| DRINKING potion of cancellation.
 15023 | Lair:3   | HP: 5/118 [oklob plant/splash of acid (28)]
 15024 | Lair:3   | 15024 ||| READING 5 scrolls of teleportation.
 15164 | Lair:3   | 15164 ||| Stepping ~*~*~tactically~*~*~ (stealth).
 15168 | Lair:3   | 15168 ||| INVOKING Berserk.
 15191 | Lair:3   | 15191 ||| Stepping ~*~*~tactically~*~*~ (hiding).
 15405 | Lair:3   | 15405 ||| Stepping ~*~*~tactically~*~*~ (stealth).
 15406 | Lair:3   | 15406 ||| Stepping ~*~*~tactically~*~*~ (stealth).
 15409 | Lair:3   | 15409 ||| INVOKING Berserk.
 15416 | Lair:3   | Reached skill level 15 in Fighting
 15436 | Lair:3   | 15436 ||| READING 4 scrolls of teleportation.
 15437 | Lair:3   | Noticed a boulder beetle
 15438 | Lair:3   | 15438 ||| FLEEEEING.
 15440 | Lair:3   | 15440 ||| FLEEEEING.
 15441 | Lair:3   | 15441 ||| READING 3 scrolls of teleportation.
 15441 | Lair:3   | HP: 23/119 [boulder beetle (16)]
 15812 | Lair:3   | 15812 ||| INVOKING Berserk.
 15829 | Lair:3   | HP: 23/119 [boulder beetle (7)]
 15830 | Lair:3   | 15830 ||| READING 3 scrolls of teleportation.
 15871 | Lair:3   | 15871 ||| Stepping ~*~*~tactically~*~*~ (stealth).
 15896 | Lair:3   | HP: 20/119 [boulder beetle (19)]
 15897 | Lair:3   | 15897 ||| READING 2 scrolls of teleportation.
 15898 | Lair:3   | 15898 ||| INVOKING Berserk.
 15900 | Lair:3   | Killed a boulder beetle
 16347 | Lair:3   | 16347 ||| READING scroll of teleportation.
 16351 | Lair:3   | 16351 ||| INVOKING Berserk.
 16357 | Lair:3   | HP: 15/119 [oklob plant/splash of acid (16)]
 16366 | Lair:3   | Killed from afar by an oklob plant

Levels and vault maps discovered:
D:1:      evilmike_arrival_crescent, layout_loops_ring,
          shapermc_ecumenical_altar_rom_forum, minmay_tripent
D:2:      minmay_evil_eye, layout_loops_cross, uniq_jessica,
          uniq_crazy_yiuf_cottage
D:3:      layout_basic, grunt_qazlal_clouds, mainiacjoe_overflow_24_doors,
          chequers_big_river, minmay_misc_feat_square, minmay_misc_feat_rugged
D:4:      layout_basic, minitemple, hangedman_decor_growths,
          minmay_fractal_squares_diagonal_5
D:5:      layout_rooms, uniq_menkaure
D:6:      layout_loops_corners, minmay_temple_entry_statues_fountains,
          serial_undead, serial_undead_b, serial_undead_f, serial_undead_c,
          serial_undead_b, minmay_manual_mares
D:7:      layout_loops_corners, nicolae_wooded_promenade, dk_vineyard_2
D:8:      lemuel_castle_with_subvaults [lemuel_castle_interior_carwin_1],
          layout_loops_ring, serial_shops, nicolae_stop_n_shop_2,
          dreamdust_deal_with_the_devil, uniq_joseph, uniq_grum,
          uniq_prince_ribbit1
D:9:      layout_grid_maze, lair_entry_dummy, minmay_hollow_rounded_squares
Lair:1:   layout_chaotic_city, serial_bayou_shore_b, grunt_megastairs_3,
          uniq_gastronok, uniq_fannar
Lair:2:   layout_regular_city
Lair:3:   layout_layer_cave, minmay_shoals_entry_centaurs,
          spider_nest_entry_web_field, chequers_serial_rivers_room_b,
          grunt_forest_small_clearings, minmay_lair_oklob_bushes

Skill      XL: |  1  2  3  4  5  6  7  8  9 10 11 12 |
---------------+-------------------------------------+-----
Axes           | 4 5 7 9 10 12 13 14 | 14.0
Armour         | 3 4 5 7 10 12 14 | 14.1
Fighting       | 4 5 6 8 10 13 15 | 15.0
Throwing       | 2 3 |  3.0
Dodging        | 3 5 7 8 |  8.6

Action                   |  1- 3 |  4- 6 |  7- 9 | 10-12 || total
-------------------------+-------+-------+-------+-------++-------
Melee: Hand axe          |    61 |   142 |   255 |   518 ||   976
       Headbutt          |     8 |    19 |    38 |   146 ||   211
       Punch             |       |     2 |     2 |    10 ||    14
       Morningstar       |       |       |       |     1 ||     1
Throw: Boomerang         |       |    30 |    40 |   117 ||   187
Invok: Berserk           |       |     3 |    12 |    23 ||    38
       Brothers in Arms  |       |       |       |     1 ||     1
  Use: Scroll            |     2 |     1 |    10 |    14 ||    27
       Potion            |       |     5 |     3 |     3 ||    11
 Stab: Invisible         |       |     1 |       |       ||     1
       Distracted        |       |       |     1 |       ||     1
Armor: Scale mail        |    15 |     1 |       |       ||    16
       Chain mail        |       |    17 |       |       ||    17
       Plate armour      |       |    27 |   120 |   236 ||   383
Dodge: Dodged            |    32 |    39 |    76 |   197 ||   344

Table legend:
 A = Non-vault XP
 B = Vault XP
 C = Vault XP percentage of total XP
 D = Non-vault monster count
 E = Vault monster count
 F = Vault count percentage of total count
                 A         B        C        D         E       F
            +---------+---------+-------+---------+---------+-------
      Total |   27270 |    9366 |  25.6 |     210 |      91 |  30.2
            +---------+---------+-------+---------+---------+-------
        D:1 |      24 |       4 |  14.3 |      15 |       2 |  11.8
        D:2 |      28 |      45 |  61.6 |       8 |       5 |  38.5
        D:3 |     110 |       0 |   0.0 |      23 |       0 |   0.0
        D:4 |     340 |       6 |   1.7 |      15 |       3 |  16.7
        D:5 |     614 |     169 |  21.6 |      16 |       1 |   5.9
        D:6 |     599 |     340 |  36.2 |      15 |       4 |  21.1
        D:7 |     679 |       0 |   0.0 |      16 |       0 |   0.0
        D:8 |    1734 |    4442 |  71.9 |       9 |      59 |  86.8
        D:9 |    2023 |    1047 |  34.1 |      16 |       9 |  36.0
     Lair:1 |    5944 |    2861 |  32.5 |      26 |       4 |  13.3
     Lair:2 |    9597 |       0 |   0.0 |      38 |       0 |   0.0
     Lair:3 |    5578 |     452 |   7.5 |      13 |       4 |  23.5
            +---------+---------+-------+---------+---------+-------
